 Dungeon Crawl Stone Soup version 0.30.0 (webtiles) character file.

Game seed: 1445561132324371816

114 dialectric the Covered (level 4, 0/43 HPs)
             Began as a Gargoyle Fighter on May 7, 2023.
             Slain by a river rat (6 damage)
             ... in a sewer.
             The game lasted 00:03:02 (1577 turns).

dialectric the Covered (Gargoyle Fighter)           Turns: 1577, Time: 00:03:03

Health: 0/43       AC: 15    Str: 21    XL:     4   Next: 98%
Magic:  4/4        EV:  8    Int:  9    God:
Gold:   248        SH:  0    Dex:  9    Spells: 3/3 levels left

rFire   . . .        a - +0 long sword
rCold   . . .        (no shield)
rNeg    + . .        k - +0 chain mail
rPois   ∞            (no helmet)
rElec   +            r - +1 cloak of Complete Protection {Rampage rPois Will-}
rCorr   .            (no gloves)
SInv    .            (no boots)
Will    .....        (no amulet) Stlth
                     (no ring)
HPRegen 0.27/turn    (no ring)
MPRegen 0.09/turn

%: rampage
@: mighty, berserking, very quick
A: sickness immunity, AC +3, negative energy resistance 1, electricity
resistance, torment resistance 1, petrification resistance
a: no special abilities


You were in a sewer.
You visited 1 branch of the dungeon, and saw 3 of its levels.
You also visited: Sewer.

You collected 248 gold pieces.

Inventory:

Hand Weapons
 a - a +0 long sword (weapon)
Armour
 b - a +0 scale mail
 c - a +0 buckler
 k - a +0 chain mail (worn)
 r - the +1 cloak of Complete Protection (worn) {Rampage rPois Will-}
   (You found it in a sewer)

   rPois:     It protects you from poison.
   Rampage:   It bestows one free step when moving towards enemies.
   Will:      It decreases your willpower.
Jewellery
 l - an amulet of magic regeneration
Scrolls
 e - 4 scrolls of identify {unknown}
 f - a scroll of amnesia {unknown}
 g - a scroll of acquirement {unknown}
 m - a scroll of torment {unknown}
 n - a scroll of butterflies {unknown}
 o - a scroll of enchant weapon {unknown}
 p - a scroll of teleportation {unknown}
 q - a scroll of silence {unknown}
Potions
 h - 6 potions of flight
 i - a potion of heal wounds {unknown}
 j - a potion of berserk rage


   Skills:
 * Level 4.0 Fighting
 + Level 3.2 Long Blades
 - Level 4.1 Armour
 + Level 0.7 Dodging
 - Level 3.2 Shields


You had 3 spell levels left.
You didn't know any spells.
Your spell library was empty.

Dungeon Overview and Level Annotations

Branches:
Dungeon (3/15)              Sewer (1/1)

Altars:

Annotations:
D:2 Terence


Innate Abilities, Weirdness & Mutations

You are immune to sickness and miasma.
Your stone body is resilient. (AC +3)
You are immune to poison.
You resist negative energy. (rN+)
You are resistant to electric shocks. (rElec)
You are resistant to unholy torment.
You are immune to petrification.


Message History

The river rat attacks as you move away! The river rat bites you.
* * * LOW HITPOINT WARNING * * *
The river rat attacks as you move away! The river rat completely misses you.
The river rat bites you but does no damage.
The river rat attacks as you move away!
The river rat bites you but does no damage.
There is a large open door, spattered with blood here.
You feel very mighty all of a sudden.
You barely miss the river rat.
The river rat is severely wounded.
The river rat barely misses you. x2
Unknown command.
You barely miss the river rat.
The river rat is severely wounded.
The river rat bites you.
* * * LOW HITPOINT WARNING * * *
The river rat bites you but does no damage.
Unknown command.
Unknown command.
You closely miss the river rat.
The river rat is severely wounded.
The river rat bites you but does no damage. x2
The river rat bites you.
* * * LOW HITPOINT WARNING * * *
The river rat bites you but does no damage.
Unknown command.
Unknown command.
It was a potion of berserk rage.
A red film seems to cover your vision as you go berserk!
You feel yourself moving faster!
You feel mighty!
The river rat bites you but does no damage.
The river rat closely misses you.
Unknown command.
Unknown command.
You closely miss the river rat.
The river rat is severely wounded.
You slash the river rat!
You kill the river rat!
The river rat bites you.
You die...

#~≈.####..###
#~≈~##.#..#.#
#~≈.##.'..'.#
#.≈~##.'..'.#
#~≈~##.#..#.#
#~≈~####..# # #~≈~#
#..# #~≈~####r.###
#~≈~##@#..#!#
#.≈~##†r..††#
#~≈~##.'..'?#
#~≈.##.#..#!##~≈~# ~≈≈
#.≈~####..####~≈~# ~≈≈
#†≈.# #~.# #~≈~# ~≈≈
#~≈~# #.~# #~≈~# ~≈≈
#~≈~####~~####~≈~###~≈≈
#~≈~~~~~~~~~~~~.~.~~~≈≈


You could see a river rat.

Vanquished Creatures
  5 adders
  2 river rats (Sewer)
  2 worms (Sewer)
  6 ball pythons
  5 bats
  3 endoplasms
  4 giant cockroaches
  5 goblins
  3 hobgoblins
  4 jackals (Sewer)
  2 kobolds (D:1)
  3 quokkas
  6 frilled lizards
  5 rats
55 creatures vanquished.

Vanquished Creatures (others)
  2 fungi (D:2)
  16 plants (D:2)
  4 toadstools (D:2)
22 creatures vanquished.

Grand Total: 77 creatures vanquished

Notes
Turn   | Place    | Note
-------+----------+-------------------------------------------
     0 | D:1      | dialectric the Gargoyle Fighter began the quest for the
                  | Orb.
     0 | D:1      | Reached XP level 1. HP: 14/14 MP: 1/1
   216 | D:1      | Reached XP level 2. HP: 19/19 MP: 2/2
   495 | D:2      | Noticed Terence
   745 | D:2      | Reached XP level 3. HP: 24/24 MP: 3/3
  1040 | D:3      | Found a glowing drain.
  1093 | Sewer    | Entered a sewer
  1126 | Sewer    | Reached XP level 4. HP: 28/29 MP: 4/4
  1485 | Sewer    | Identified the +1 cloak of Complete Protection {Rampage
                  | rPois Will-}
  1577 | Sewer    | Slain by a river rat

Illustrated notes

Levels and vault maps discovered:
D:1:      dpeg_arrival_snail, layout_basic
D:2:      minmay_razor_zed, layout_rooms, serial_bayou_pond_b,
          minmay_gold_behind_fungi, serial_bayou_lake_a, uniq_terence
D:3:      layout_basic, nicolae_tso_besieged_by_evil,
          gammafunk_ghost_stat_death, cheibrodos_sewer_entry_drain,
          chequers_serial_rivers_large_a, minmay_pentangle
Sewer:    sewer_fruit_machine

Skill      XL: |  1  2  3  4 |
---------------+-------------+-----
Long Blades    | 2 3 |  3.2
Armour         | 4 |  4.1
Fighting       | 4 |  4.0
Dodging        | |  0.7
Shields        | |  3.2

Action                     |  1- 3 |  4- 6 || total
---------------------------+-------+-------++-------
  Melee: Long sword        |   166 |   128 ||   294
    Use: Potion            |       |     2 ||     2
 Armour: Scale mail        |    51 |       ||    51
         Chain mail        |    98 |   174 ||   272
  Dodge: Dodged            |    73 |   145 ||   218
